 Dungeon Crawl Stone Soup version 0.29-a0-359-g541a27f54d (webtiles) character file.

Game seed: 10091097991800214171

335 zeratav the Archer (level 6, -7/35 HPs)
             Began as a Tengu Hunter on Apr 27, 2022.
             Mangled by a gnoll
             ... wielding a +0 flail
              (9 damage)
             ... on level 2 of the Dungeon.
             The game lasted 00:05:42 (2234 turns).

zeratav the Archer (Tengu Hunter)                   Turns: 2234, Time: 00:05:43

Health: -7/35      AC:  5    Str: 11    XL:     6   Next: 53%
Magic:  7/7        EV: 15    Int:  9    God:
Gold:   42         SH:  0    Dex: 26    Spells: 5/5 levels left

rFire   . . .      SeeInvis .   a - +1 shortbow {bow}
rCold   + . .      Faith    .   (shield currently unavailable)
rNeg    . . .      Spirit   .   x - +1 leather armour {rC+}
rPois   .          Reflect  .   (helmet restricted)
rElec   .          Harm     .   (no cloak)
rCorr   .          Rampage  .   d - +0 pair of gloves
Will    .....                   (boots unavailable)
Stlth   ++........              (no amulet)
HPRegen 0.11/turn               p - +6 ring of dexterity
MPRegen 0.10/turn               (no ring)

@: flying quickly and evasively, quick
A: beak, talons 3, nimble flight
a: no special abilities


You were on level 2 of the Dungeon.
You visited 1 branch of the dungeon, and saw 3 of its levels.

You collected 162 gold pieces.
You spent 120 gold pieces at shops.


Innate Abilities, Weirdness & Mutations

You have a beak for a mouth.
You have claws for feet.
Your magical nature lets you fly swiftly and evasively.


   Skills:
 - Level 2.0 Fighting
 + Level 8.4 Bows
 - Level 2.1 Dodging
 - Level 1.0 Stealth


You had 5 spell levels left.
You didn't know any spells.
Your spell library contained the following spells:

 Spells                   Type           Power      Damage    Failure   Level
 Foxfire                  Conj/Fire      0%         2x1d4     47%         1
 Ensorcelled Hibernation  Hex/Ice        0%         N/A       63%         2
 Conjure Flame            Conj/Fire      0%         6-21      85%         3
 Inner Flame              Hex/Fire       0%         N/A       85%         3
 Spider Form              Tmut/Pois      0%         N/A       85%         3
 Anguish                  Hex/Necr       0%         N/A       99%         4
 Flame Wave               Conj/Fire      0%         2d4       99%         4

Inventory:

Hand Weapons
 a - a +1 shortbow (weapon) {bow}
Armour
 d - a +0 pair of gloves (worn)
   (You found it on level 1 of the Dungeon)
 r - a +0 robe
   (You took it off Sigmund on level 3 of the Dungeon)
 u - an orb of light
   (You found it on level 2 of the Dungeon)
 x - a +1 leather armour of cold resistance (worn)
   (You bought it in a shop on level 3 of the Dungeon)
Jewellery
 b - a ring of magical power
   (You found it on level 3 of the Dungeon)
 p - a +6 ring of dexterity (left hand)
   (You found it on level 2 of the Dungeon)
Scrolls
 c - a scroll of immolation {!r!r}
 e - a scroll of teleportation {unknown}
 l - 3 scrolls of identify {unknown}
 m - 3 scrolls of noise {unknown}
 n - a scroll of enchant weapon {unknown}
 o - a scroll of blinking {unknown}
 t - a scroll of amnesia {unknown}
 v - a scroll of fear {unknown}
Potions
 f - 2 potions of ambrosia {unknown}
 g - a potion of berserk rage {unknown}
 h - a potion of attraction {unknown}
 i - a potion of lignification {unknown}
 j - 2 potions of flight {unknown}
 k - a potion of degeneration {unknown}
 q - 2 potions of haste {unknown}

Dungeon Overview and Level Annotations

Branches:
Dungeon (3/15)

Altars:
Zin

Shops:
D:3

[ ############
#..........#
#)########.# ## #g#
#.# #. #@########.# #.
#g##.......# #.
#.#..#####.######.
###....## #........
#.......####.#######
#.......#.#.♣.......
#♣♣........#♣P♣.#.##.
#♣.♣♣.P.♣.♣♣♣.P♣.#.##.
#..♣♣..♣...♣♣....#.##.


You could see 2 gnolls.


Message History

a +0 scythe {polearm}; the human corpse of Sigmund
Found an escape hatch in the floor.
l - 3 scrolls labelled QURAUL XIRYCEGG (gained 1)
You now have 42 gold pieces (gained 12).
A bat comes into view.
A bat is nearby!
Shoot: a) +1 shortbow {bow}
Press: ? - help, Q - select action Shift-Dir - straight line, f - bat
Aim: a bat (60% to hit)
You shoot an arrow. The arrow hits the bat!
You kill the bat!
Found a stone staircase leading down.
You shoot an arrow. The gnoll shouts!
The arrow hits the gnoll but does no damage.
You hear a shout! x2
The gnoll throws a throwing net.
The throwing net hits you.
You become entangled in the net!
A gnoll comes into view. It is wielding a +0 whip.
A gnoll comes into view. It is wielding a +0 flail.
You struggle against the net.
You struggle against the net.
You struggle against the net.
You shred the net and break free! You shoot an arrow.
The arrow barely misses the gnoll.
The arrow hits the gnoll but does no damage.
You shoot an arrow. The arrow hits the gnoll!
You shoot an arrow. The arrow hits the gnoll.
You kill the gnoll!
You shoot an arrow.
The arrow hits the gnoll but does no damage.
The gnoll misses you.
The gnoll hits you from afar with a +3 spear of venom.
HP[-6]
You take 6 damage, and now have 29/35 hp.
You shoot an arrow. The arrow closely misses the gnoll. x2
The gnoll hits you from afar with a +3 spear of venom.
You are poisoned.
The gnoll completely misses you.
HP[-5]
You take 5 damage, and now have 24/35 hp.
You feel very sick.
HP[-3]
You take 3 damage, and now have 21/35 hp.
You feel sick.
HP[-2]
You take 2 damage, and now have 19/35 hp.
You feel sick.
HP[-1]
You take 1 damage, and now have 18/35 hp.
You feel sick.
Things that are here:
a stone {throwing}; a +0 whip {mace}; HP[-2]
You take 2 damage, and now have 16/35 hp.
You feel sick.
HP[-1]
You take 1 damage, and now have 15/35 hp.
You feel sick.
You feel sick.
HP[-1]
You take 1 damage, and now have 14/35 hp.
You feel sick.
HP[-1]
You take 1 damage, and now have 13/35 hp.
You feel sick.
You are no longer poisoned.
HP[-1]
You take 1 damage, and now have 12/35 hp.
Things that are here:
a +0 scythe {polearm}; the human corpse of Sigmund The gnoll closely misses you.
There is a stone staircase leading up here.
HP[+1]
The gnoll misses you. The gnoll closely misses you.
You fly upwards.
There is a stone staircase leading down here.
Really attack while wielding your +1 shortbow {bow}?
Okay, then.
Shoot: a) +1 shortbow {bow}
Press: ? - help, Q - select action Shift-Dir - straight line, f - gnoll
Aim: a gnoll, wielding a +0 whip and wearing a +4 ring mail (76% to hit)
You shoot an arrow. The arrow hits the gnoll.
The gnoll closely misses you. The gnoll barely misses you.
Shoot: a) +1 shortbow {bow}
Press: ? - help, Q - select action Shift-Dir - straight line, f/p - gnoll
Aim: a gnoll, wielding a +0 whip and wearing a +4 ring mail (lightly wounded, 76% to hit)
You shoot an arrow. The arrow hits the gnoll.
The gnoll barely misses you. The gnoll hits you with a +0 flail.
* * * LOW HITPOINT WARNING * * *
HP[-4]
You take 4 damage, and now have 9/35 hp.
Shoot: a) +1 shortbow {bow}
Press: ? - help, Q - select action Shift-Dir - straight line, f/p - gnoll
Aim: a gnoll, wielding a +0 whip and wearing a +4 ring mail (moderately wounded, 76% to hit)
You shoot an arrow.
The arrow hits the gnoll but does no damage.
The gnoll hits you with a +0 whip!
* * * LOW HITPOINT WARNING * * *
The gnoll hits you with a +0 flail!
You die...

Skill      XL: |  1  2  3  4  5 |
---------------+----------------+-----
Bows           | 5 6 8 |  8.4
Fighting       | |  2.0
Dodging        | |  2.1
Stealth        | |  1.0

Action                   |  1- 3 |  4- 6 || total
-------------------------+-------+-------++-------
 Fire: Shortbow          |    49 |    81 ||   130
Armor: Leather armour    |     1 |     8 ||     9
Dodge: Dodged            |    14 |    21 ||    35

Levels and vault maps discovered:
D:1:      wander_arrival_lonely_grave, layout_loops_ring
D:2:      wad_woods_tower, layout_loops_ring,
          shapermc_ecumenical_altar_mp_highgroup, basic_altar,
          nrook_loot_triangle, minmay_unequal, uniq_natasha
D:3:      layout_basic, serial_shops, nicolae_diamond_shop, st_stairs_2,
          uniq_jessica, uniq_sigmund

Notes
Turn   | Place    | Note
-------+----------+-------------------------------------------
     0 | D:1      | zeratav the Tengu Hunter began the quest for the Orb.
     0 | D:1      | Reached XP level 1. HP: 12/12 MP: 2/2
     0 | D:1      | magus.rc [v1.9.6]
   202 | D:1      | You pick up a book of Dreams and begin reading...
   202 | D:1      | You add the spells Ensorcelled Hibernation, Spider Form and
                  | Anguish to your library.
   369 | D:1      | Reached XP level 2. HP: 17/17 MP: 3/3
   479 | D:1      | Reached skill level 5 in Bows
   647 | D:2      | You pick up a book of Flames and begin reading...
   647 | D:2      | You add the spells Foxfire, Conjure Flame, Inner Flame and
                  | Flame Wave to your library.
   727 | D:2      | Reached XP level 3. HP: 21/21 MP: 4/4
   746 | D:2      | Found a faded altar of an unknown god.
   762 | D:2      | Noticed Natasha
   765 | D:2      | Killed Natasha
   854 | D:2      | Reached skill level 6 in Bows
   884 | D:2      | Reached XP level 4. HP: 26/26 MP: 5/5
   946 | D:2      | Found a glowing silver altar of Zin.
  1210 | D:2      | Noticed Natasha
  1215 | D:2      | Killed Natasha
  1216 | D:2      | Gained mutation: Your magical nature lets you fly swiftly
                  | and evasively. [Tengu growth]
  1216 | D:2      | Reached XP level 5. HP: 18/30 MP: 6/6
  1441 | D:2      | Noticed Natasha
  1446 | D:2      | Killed Natasha
  1447 | D:2      | Reached skill level 7 in Bows
  1810 | D:3      | Found Exixen's Antique Armour Shoppe.
  1821 | D:3      | Bought a runed leather armour for 120 gold pieces
  1876 | D:3      | Noticed Sigmund
  2056 | D:3      | Killed Sigmund
  2057 | D:3      | Reached skill level 8 in Bows
  2057 | D:3      | Reached XP level 6. HP: 35/35 MP: 7/7
  2234 | D:2      | HP: 2/35 [gnoll/+0 whip (7)]
  2234 | D:2      | Mangled by a gnoll

Vanquished Creatures
  Sigmund (D:3)
  Natasha (thrice) (D:2)
  3 adders
  4 gnolls
  2 worms
  3 endoplasms
  A giant cockroach (D:1)
  4 hobgoblins
  2 kobolds
  4 quokkas (D:2)
  4 ball pythons
  7 bats
  A goblin (D:1)
  3 rats
42 creatures vanquished.

Vanquished Creatures (others)
  35 plants (D:2)
35 creatures vanquished.

Grand Total: 77 creatures vanquished

Table legend:
 A = Non-vault XP
 B = Vault XP
 C = Vault XP percentage of total XP
 D = Non-vault monster count
 E = Vault monster count
 F = Vault count percentage of total count
                 A         B        C        D         E       F
            +---------+---------+-------+---------+---------+-------
      Total |     166 |     313 |  65.3 |      30 |      12 |  28.6
            +---------+---------+-------+---------+---------+-------
        D:1 |      16 |       0 |   0.0 |      11 |       0 |   0.0
        D:2 |     113 |      92 |  44.9 |      12 |       9 |  42.9
        D:3 |      37 |     221 |  85.7 |       7 |       3 |  30.0
            +---------+---------+-------+---------+---------+-------

Illustrated notes

Table legend:
 A = Kills in this place as a percentage of kills in entire the game.
 B = Kills by you in this place as a percentage of kills by you in the entire game.
 C = Kills by friends in this place as a percentage of kills by friends in the entire game.
 D = Other kills in this place as a percentage of other kills in the entire game.
 E = Experience gained in this place as a percentage of experience gained in the entire game.
 F = Experience gained in this place divided by the number of levels of this place that you have seen.
                   A       B       C       D       E      F
               +-------+-------+-------+-------+-------+----------------------
         Total | 100.0 | 100.0 |   N/A |   N/A | 100.0 | 159.7
       Dungeon | 100.0 | 100.0 |   N/A |   N/A | 100.0 | 159.7
               +-------+-------+-------+-------+-------+----------------------

Table legend: (Time is in decaauts)
 A = Elapsed time spent in this place.
 B = Non-inter-level travel time spent in this place.
 C = Inter-level travel time spent in this place.
 D = Time resting spent in this place.
 E = Time spent auto-exploring this place.
 F = Levels seen in this place.
 G = Mean time per level.
                   A        B        C        D        E       F      G
               +--------+--------+--------+--------+--------+-----+--------+
         Total |   2215 |   2171 |     44 |    200 |   1602 |   3 |  738.3 |
       Dungeon |   2215 |   2171 |     44 |    200 |   1602 |   3 |  738.3 |
               +--------+--------+--------+--------+--------+-----+--------+

Top non-repeatable levels by time:
     D:2: 1288 daAuts
     D:1: 645 daAuts
     D:3: 281 daAuts
